 Dungeon Crawl Stone Soup version 0.20.1-1-g8b1a95d (webtiles) character file.

48 cochise the Cudgeler (level 3, -8/33 HPs)
             Began as a Minotaur Monk on Oct 6, 2017.
             Mangled by Sigmund
             ... wielding a +0 scythe
              (11 damage)
             ... on level 3 of the Dungeon.
             The game lasted 00:05:08 (1290 turns).

cochise the Cudgeler (Minotaur Monk)                Turns: 1290, Time: 00:05:09

Health: -8/33      AC:  7    Str: 16    XL:     3   Next: 50%
Magic:  2/2        EV: 11    Int:  7    God:
Gold:   212        SH:  0    Dex: 12    Spells: 2/2 levels left

rFire    . . .     SeeInvis .   a - +0 mace
rCold    . . .     Gourm    .   (no shield)
rNeg     . . .     Faith    .   k - +0 scale mail
rPois    .         Spirit   .   (helmet restricted)
rElec    .         Reflect  .   (no cloak)
rCorr    .         Harm     .   h - +0 pair of gloves
MR       .....                  (no boots)
Stlth    ..........             (no amulet)
Regen    0.2/turn               (no ring)
MPRegen  0.1/turn               (no ring)

@: no status effects
A: retaliatory headbutt, horns 2
a: no special abilities


You were on level 3 of the Dungeon.
You were very hungry.

You visited 1 branch of the dungeon, and saw 3 of its levels.

You collected 212 gold pieces.

Inventory:

Hand Weapons
 a - a +0 mace (weapon)
Armour
 h - a +0 pair of gloves (worn)
 k - a +0 scale mail (worn)
Scrolls
 g - a scroll of teleportation {unknown}
 i - a scroll of immolation {unknown}
 l - 2 scrolls of recharging {unknown}
 m - a scroll of identify {unknown}
 n - a scroll of fog {unknown}
 o - a scroll of fear {unknown}
 u - a scroll of enchant weapon {unknown}
Potions
 b - a potion of cancellation
 e - a potion of haste {unknown}
 f - a potion of degeneration {unknown}
 j - 2 potions of brilliance {unknown}
 q - a potion of berserk rage {unknown}
 r - 2 potions of heal wounds {unknown}
 s - a potion of lignification {unknown}
 t - 2 potions of curing {unknown}
Comestibles
 c - 2 bread rations
 d - 3 royal jellies
 p - a meat ration


   Skills:
 + Level 4.1 Fighting
 * Level 4.4 Maces & Flails
 - Level 3.7 Dodging
 - Level 1.9 Stealth


You had 2 spell levels left.
You didn't know any spells.

Dungeon Overview and Level Annotations

Branches:
Dungeon (3/15)

Altars:
Dithmenos
Gozag
Sif Muna

Annotations:
D:3 Sigmund


Innate Abilities, Weirdness & Mutations

You reflexively headbutt those who attack you in melee.
You have a pair of horns on your head.


Message History

You hit Sigmund.
Sigmund is heavily wounded.
The orc completely misses you. Sigmund hits you but does no damage.
You hit Sigmund. Your headbutt misses Sigmund.
Sigmund is severely wounded.
The orc hits you but does no damage. x2; Sigmund misses you.
You hit Sigmund but do no damage. You headbutt Sigmund.
Sigmund is almost dead.
The orc hits you.
* * * LOW HITPOINT WARNING * * *
You hit Sigmund.
Sigmund is almost dead.
Sigmund hits you with a scythe.
* * * LOW HITPOINT WARNING * * *
The orc barely misses you.
It was a potion of cancellation.
You feel magically purged. The orc misses you. You furiously retaliate!
You headbutt the orc!
You kill the orc!
Sigmund hits you with a scythe!
You die...

#..........#
#..........#
#.....(....#####
#......<.......#
#######........#
##.#.....######
#..#..))......#
#.##.......##.
#. ##.#.@..# #.
#.#..@.#
#.#.#..#
#..[##... ##..#
#... ...# .....
##### ..[. ...#


You could see Sigmund.

Vanquished Creatures
  A worm (D:2)
  A dart slug (D:1)
  2 leopard geckos
  3 orcs (D:3)
  A ball python (D:1)
  3 goblins
  5 hobgoblins
  4 jackals (D:2)
  3 bats
  5 frilled lizards
  5 kobolds
  4 rats
37 creatures vanquished.

Notes
Turn   | Place    | Note
-------+----------+-------------------------------------------
     0 | D:1      | cochise the Minotaur Monk began the quest for the Orb.
     0 | D:1      | Reached XP level 1. HP: 19/19 MP: 0/0
     1 | D:1      | Noticed an electric eel
   140 | D:1      | Reached XP level 2. HP: 20/27 MP: 1/1
   523 | D:2      | Found an opulent altar of Gozag.
   672 | D:2      | Reached XP level 3. HP: 33/33 MP: 2/2
  1010 | D:2      | Found a deep blue altar of Sif Muna.
  1160 | D:2      | Found a shadowy altar of Dithmenos.
  1273 | D:3      | Noticed Sigmund
  1290 | D:3      | Mangled by Sigmund

Skill      XL: |  1  2 |
---------------+-------+-----
Fighting       | 4 |  4.1
Maces & Flails | 4 |  4.4
Dodging        | |  3.7
Stealth        | |  1.9

Action                   || total
-------------------------++-------
Melee: Mace              ||    94
       Headbutt          ||    14
  Use: Potion            ||     1
Armor: Robe              ||     3
       Scale mail        ||    38
Dodge: Dodged            ||    81
